 Dungeon Crawl Stone Soup version 0.28.0-53-g5a82cb258f (webtiles) character file.

Game seed: 2791180245102786311

1064 Woods the Chopper (level 8, -3/49 HPs)
             Began as a Gargoyle Fighter on May 22, 2022.
             Was a Follower of Yredelemnul.
             Slain by an acid dragon (11 damage)
             ... on level 5 of the Dungeon.
             The game lasted 00:06:25 (6220 turns).

Woods the Chopper (Gargoyle Fighter)                Turns: 6220, Time: 00:06:26

Health: -3/49      AC: 12    Str: 20    XL:     8   Next: 27%
Magic:  8/8        EV:  6    Int:  9    God:    Yredelemnul [*.....]
Gold:   166        SH:  0    Dex: 11    Spells: 7/7 levels left

rFire   + . .      SeeInvis .   t - +2 battleaxe (vamp)
rCold   . . .      Faith    +   (shield currently unavailable)
rNeg    + . .      Spirit   .   p - +1 plate armour {rF+}
rPois   ∞          Reflect  .   (no helmet)
rElec   +          Harm     .   v - +0 cloak
rCorr   .          Rampage  .   (no gloves)
Will    .....                   (no boots)
Stlth   ..........              u - amulet of faith
HPRegen 0.16/turn               (no ring)
MPRegen 0.11/turn               (no ring)

@: corroded
A: sickness immunity, AC +5, negative energy resistance 1, electricity
resistance, torment resistance 1, petrification resistance
a: Renounce Religion, Recall Undead Harvest


You were on level 5 of the Dungeon.
You worshipped Yredelemnul.
Yredelemnul was noncommittal.
You visited 2 branches of the dungeon, and saw 6 of its levels.

You collected 166 gold pieces.

Inventory:

Hand Weapons
 a - a +0 war axe
 t - a +2 vampiric battleaxe (weapon)
Armour
 b - a +0 scale mail
 c - a +0 buckler
 p - a +1 plate armour of fire resistance (worn)
 v - a +0 cloak (worn)
Jewellery
 l - a ring of magical power
 u - an amulet of faith (around neck)
Wands
 s - a wand of flame (9)
Scrolls
 f - a scroll of immolation {unknown}
 g - 3 scrolls of magic mapping {unknown}
 j - 6 scrolls of identify {unknown}
 k - a scroll of teleportation {unknown}
 m - a scroll of silence {unknown}
Potions
 d - a potion of might
 e - 2 potions of resistance {unknown}
 h - a potion of invisibility {unknown}
 i - a potion of lignification {unknown}
 n - a potion of brilliance {unknown}
 o - a potion of flight {unknown}
 q - 3 potions of curing {unknown}
 r - a potion of haste


   Skills:
 - Level 5.0 Fighting
 + Level 7.6 Axes
 - Level 5.0 Armour
 - Level 3.2 Shields


You had 7 spell levels left.
You didn't know any spells.
Your spell library contained the following spells:

 Spells                   Type           Power      Damage    Failure   Level
 Magic Dart               Conj           0%         1d3       100%        1
 Call Imp                 Summ           0%         N/A       100%        2
 Ensorcelled Hibernation  Hex/Ice        0%         N/A       100%        2
 Passwall                 Tmut/Erth      0%         N/A       100%        2
 Mephitic Cloud           Conj/Pois/Air  0%         N/A       100%        3
 Swiftness                Air            0%         N/A       100%        3


Dungeon Overview and Level Annotations

Branches:
Dungeon (5/15)             Temple (1/1) D:5

Altars:
Ashenzari
Elyvilon
Fedhas
Gozag
Hepliaklqana
Kikubaaqudgha
Makhleb
Nemelex Xobeh
Okawaru
Qazlal
Ru
Uskayaw
Vehumet
Wu Jian
Yredelemnul
Zin

Shops:
D:3 (


Innate Abilities, Weirdness & Mutations

You are immune to sickness and miasma.
Your stone body is resilient. (AC +5)
You are immune to poison.
You resist negative energy. (rN+)
You are resistant to electric shocks. (rElec)
You are resistant to unholy torment.
You are immune to petrification.


Message History

An acid dragon is nearby!
An acid dragon is nearby!
The acid dragon bites you but does no damage.
The acid dragon claws you.
You closely miss the acid dragon. The acid dragon spits acid at you.
The splash of acid hits you!
You slash the acid dragon!
You feel better.
The acid dragon is moderately wounded.
The acid dragon bites you but does no damage.
The acid dragon claws you but does no damage.
You slash the acid dragon!
You feel better.
The acid dragon is severely wounded.
The acid dragon bites you!
The acid dragon claws you but does no damage.
The acid dragon bites you! The acid dragon barely misses you.
You closely miss the acid dragon.
The acid dragon is severely wounded.
The acid dragon spits acid at you.
The splash of acid hits you but does no damage.
The acid corrodes you!
You closely miss the acid dragon.
The acid dragon is severely wounded.
The acid dragon bites you. The acid dragon barely misses you.
You hit the acid dragon but do no damage.
The acid dragon is severely wounded.
The acid dragon bites you. The acid dragon claws you.
The acid dragon bites you.
The acid dragon claws you but does no damage.
You hit the acid dragon.
You feel better.
The acid dragon is almost dead.
The acid dragon spits acid at you. The splash of acid hits you!
* * * LOW HITPOINT WARNING * * *
The acid corrodes you!
You closely miss the acid dragon.
The acid dragon is almost dead.
The acid dragon bites you!
You die...
Your body rises from the dead as a mindless zombie.

§. ## ≈..
.. #§≈.#
##.#
≈.§.##
#...####
#≈....
......###
§§§.# ..
....#
§≈..# #.
#D#.#
....##
#.##@#.#
§..≈..
#..ZZ#.#
......
#..###.#
..##.
##..###.#
....
#....Z..#
#.
#.###.###
#. #..#
#.###..#
#......#


You could see an acid dragon (catching breath, ally target), a friendly hound
zombie and a friendly ogre zombie.

Vanquished Creatures
  An ice beast (D:5)
  A necrophage (D:4)
  2 ogres
  Blork the orc (D:4)
  3 scorpions
  A water moccasin skeleton (D:4)
  3 hounds
  Crazy Yiuf (D:4)
  Natasha (thrice) (D:4)
  An iguana (D:4)
  An orc wizard (D:4)
  6 adders
  A howler monkey skeleton (D:3)
  2 ufetubi
  An adder skeleton (D:4)
  5 dart slugs
  15 orcs
  7 ball pythons
  6 bats
  8 endoplasms
  2 giant cockroaches
  11 goblins
  4 hobgoblins
  2 jackals
  3 quokkas
  2 frilled lizards
  3 kobolds
  5 rats
101 creatures vanquished.

Notes
Turn   | Place    | Note
-------+----------+-------------------------------------------
     0 | D:1      | Woods the Gargoyle Fighter began the quest for the Orb.
     0 | D:1      | Reached XP level 1. HP: 14/14 MP: 1/1
    65 | D:1      | Reached skill level 2 in Axes
   186 | D:1      | Reached XP level 2. HP: 19/19 MP: 2/2
   642 | D:1      | Reached XP level 3. HP: 14/23 MP: 3/3
  1741 | D:2      | Reached skill level 3 in Axes
  1865 | D:2      | Reached XP level 4. HP: 29/29 MP: 4/4
  3103 | D:3      | Reached XP level 5. HP: 33/33 MP: 5/5
  3124 | D:3      | Found Gathiwa Leatt's Weapon Shoppe.
  3878 | D:4      | Noticed Natasha
  3887 | D:4      | Killed Natasha
  3888 | D:4      | Reached XP level 6. HP: 32/39 MP: 6/6
  4124 | D:4      | Found a runed translucent door.
  4125 | D:4      | Noticed Crazy Yiuf
  4249 | D:4      | Reached skill level 5 in Fighting
  4250 | D:4      | Reached skill level 4 in Axes
  4346 | D:3      | Reached skill level 5 in Armour
  4605 | D:4      | Found a white marble altar of Elyvilon.
  4608 | D:4      | Noticed Natasha
  4614 | D:4      | Killed Natasha
  4647 | D:4      | Noticed a necrophage
  4667 | D:4      | Killed a necrophage
  4668 | D:4      | Reached skill level 5 in Axes
  4668 | D:4      | Reached XP level 7. HP: 37/44 MP: 7/7
  4916 | D:4      | Noticed Natasha
  4924 | D:4      | Killed Natasha
  5201 | D:4      | Noticed Blork the orc
  5209 | D:4      | Killed Blork the orc
  5210 | D:4      | Reached skill level 6 in Axes
  5709 | D:4      | Killed Crazy Yiuf
  5742 | D:5      | Entered Level 5 of the Dungeon
  5743 | D:5      | Found a stormy altar of Qazlal.
  5778 | D:5      | Found a staircase to the Ecumenical Temple.
  5794 | Temple   | Entered the Ecumenical Temple
  5817 | Temple   | Became a worshipper of Yredelemnul the Dark
  5854 | D:5      | Reached XP level 8. HP: 49/49 MP: 8/8
  5875 | D:5      | Reached * piety under Yredelemnul
  5876 | D:5      | Reached skill level 7 in Axes
  6220 | D:5      | Slain by an acid dragon

Illustrated notes

Levels and vault maps discovered:
D:1:      minmay_arrival_solitary_statue, layout_basic
D:2:      layout_loops_ring, minmay_pentomino_u2
D:3:      layout_basic, serial_shops, nicolae_shop_statue_plus, serial_bayou,
          serial_bayou_shore_b, serial_bayou_crossing, serial_bayou_ford_a,
          serial_bayou_pond_c
D:4:      layout_basic, mainiacjoe_overflow_24_doors, uniq_crazy_yiuf_cottage,
          uniq_natasha, uniq_blork_the_orc
D:5:      layout_loops_cross, nicolae_qazlal_general_emergency,
          minmay_temple_entry_steel_oval, uniq_ijyb
Temple:   eino_temple_lava

Skill      XL: |  1  2  3  4  5  6  7  8 |
---------------+-------------------------+-----
Axes           | 2 3 5 6 7 |  7.6
Fighting       | 4 5 |  5.0
Armour         | 4 5 |  5.0
Shields        | |  3.2

Action                   |  1- 3 |  4- 6 |  7- 9 || total
-------------------------+-------+-------+-------++-------
Melee: War axe           |   113 |   215 |    37 ||   365
       Battleaxe         |       |       |    54 ||    54
Armor: Scale mail        |    61 |    55 |       ||   116
       Plate armour      |       |   112 |    64 ||   176
Dodge: Dodged            |    53 |    84 |    32 ||   169
Block: Buckler           |    30 |    58 |     8 ||    96
